Mecha, lawful male dwarven Archeologist ------ ----- --------- |.....## |...-#####....f...| |....| # #-..[| |...a..(| #......#### |...| ...@.))). ------ ###------# # ---.- --------- |....|#######################0 |.....#### # # # |....| # ------ # # # --.--------- # |..........| # |........... ##-........<.| ------------ Mecha the Investigator Experience level: 6 Strength: 18 Dexterity: 11 Constitution: 12 Intelligence: 12 Wisdom: 16 Charisma: 7 Health: 0(53) Energy: 11(11) AC: 4 Gold: 922 Moves: 2694 Your Inventory: Coins $ - 922 gold pieces Weapons a - an uncursed +2 bullwhip Armor o - an [uncursed] +0 cloak of displacement (being worn) q - an [uncursed] +0 pair of riding boots [water walking] (being worn) v - an [uncursed] +0 scale mail (being worn) Comestibles d - 4 uncursed food rations G - an [uncursed] cram ration Scrolls j - an uncursed scroll labeled MAPIRO MAHAMA DIROMAT [of identify] p - an uncursed scroll labeled FNORD [of food detection] z - an [uncursed] scroll labeled HAPAX LEGOMENON [of remove curse] A - an [uncursed] scroll labeled ACHAT SHTAYIM SHALOSH [of magic mapping] F - a [cursed] scroll labeled MAPIRO MAHAMA DIROMAT [of identify] H - an [uncursed] unlabeled scroll [of blank paper] Potions n - an uncursed icy potion [of restore ability] x - an [uncursed] swirly potion [of gain energy] Wands k - an uncursed wand of striking [0:4] Tools e - an uncursed +0 pick-axe (weapon in hand) f - an uncursed tinning kit (0:71) h - an uncursed sack i - an uncursed oil lamp (0:1436) y - an [uncursed] bell E - an [uncursed] tin whistle Gems g - an uncursed touchstone Contents of the sack: an [uncursed] opal Spells known in the end: Name Level Category Fail Memory Your skills at the end: Fighting Skills Weapon Skills pick-axe [Basic / Expert] sling [Basic / Skilled] whip [Basic / Expert] Spellcasting Skills Final Attributes: You were piously aligned. Hunger level was 397. Your alignment was 23 / 23. Monster difficulty range was 1 - 6. Level difficulty was 6. You had infravision. You were displaced. You were stealthy. You could walk on water. You were fast. Your luck was zero. You are dead. Vanquished creatures: a raven a mountain nymph a yellow light a shrieker 2 giant ants a homunculus a kobold shaman a rabid rat 2 werejackals 2 coyotes a hobbit 5 manes 2 giant rats 3 yellow molds a gecko 8 jackals a fox a goblin a sewer rat a grid bug 4 lichens 2 kobold zombies 5 newts 48 creatures vanquished. Voluntary challenges: You used a wielded weapon 45 times. You read items or engraved 2 times. You put on armor 7 times. You never genocided any monsters. You never polymorphed an object. You never changed form. You used no wishes. You wrote Elbereth's name 1 time. You never encountered a bones level. You never used any Sokoban shortcuts. Dungeon overview: The Dungeons of Doom: levels 1 to 6 Level 1 a long staircase Level 3 an armor shop, an altar Level 4 a jewelry store, some sinks a long staircase Level 5 a sink Level 6 <- You were here History has recorded: On T:1 you entered the Dungeons of Doom to retrieve the Amulet of Yendor! On T:325 you reached level 2 of The Dungeons of Doom. On T:476 you advanced to experience level 2. On T:730 you advanced to experience level 3. On T:829 you reached level 3 of The Dungeons of Doom. On T:1173 you advanced to experience level 4. On T:1677 you reached level 4 of The Dungeons of Doom. On T:1926 you advanced to experience level 5. On T:1935 you reached level 5 of The Dungeons of Doom. On T:2327 you reached level 6 of The Dungeons of Doom. On T:2674 you advanced to experience level 6. Latest messages: [HP-9=11] [9 turns] Never mind. The dart misses the giant beetle. [HP+1=12] The dart hits the giant beetle. The dart hits the giant beetle. The dart misses the giant beetle. The dart misses the giant beetle. The dart misses the giant beetle. [HP+1=13] You have no ammunition readied! You don't have that object. Never mind. The giant beetle bites! You die... Final status: Goodbye Mecha the Archeologist... You died in The Dungeons of Doom on dungeon level 6 with 2262 points, and 922 pieces of gold, after 2694 moves. You were level 6 with a maximum of 53 hit points when you died.